 Dungeon Crawl Stone Soup version 0.31-a0-221-gbddc013574 (webtiles) character file.

Game seed: 16654408179804013104

328 qw the Shooter (level 6, 0/37 HPs)
             Began as a Gargoyle Hexslinger on July 3, 2023.
             Killed by divine providence
             ... invoked by an orc priest
              (15 damage)
             ... on level 4 of the Dungeon.
             The game lasted 00:01:16 (2920 turns).

qw the Shooter (Gargoyle Hexslinger)                Turns: 2920, Time: 00:01:16

Health: 0/37       AC: 11    Str: 11    XL:     6   Next: 50%
Magic:  7/7        EV: 11    Int: 14    God:
Gold:   212        SH:  0    Dex: 14    Spells: 6/7 levels left

rFire   . . .        Y - +1 sling
rCold   + . .        (no shield)
rNeg    + . .        d - +2 leather armour {rC+}
rPois   inf          b - +0 helmet
rElec   +            (no cloak)
rCorr   .            (no gloves)
SInv    .            f - +0 pair of boots
Will    .....        (no amulet)
Stlth   +            (no ring)
HPRegen 0.26/turn    (no ring)
MPRegen 0.10/turn

%: no passive effects
@: no status effects
A: sickness immunity, AC +4, negative energy resistance 1, electricity
resistance, torment resistance 1, petrification resistance
a: no special abilities


You were on level 4 of the Dungeon.
You visited 1 branch of the dungeon, and saw 4 of its levels.

You collected 212 gold pieces.


Innate Abilities, Weirdness & Mutations

You are immune to sickness and miasma.
Your stone body is resilient. (AC +4)
You are immune to poison.
You resist negative energy. (rN+)
You are resistant to electric shocks. (rElec)
You are resistant to unholy torment.
You are immune to petrification.


   Skills:
 - Level 3.4 Fighting
 + Level 5.6 Ranged Weapons
 - Level 1.4 Armour
 - Level 1.5 Dodging
 - Level 1.0 Spellcasting
 - Level 2.6 Hexes


You had 6 spell levels left.
You knew the following spells:

 Your Spells              Type           Power      Damage    Failure   Level
a - Slow                  Hex            32%        N/A       12%         1

Your spell library contained the following spells:

 Spells                   Type           Power      Damage    Failure   Level
 Inner Flame              Hex/Fire       4%         N/A       52%         3
 Portal Projectile        Hex/Tloc       8%         N/A       52%         3
 Cause Fear               Hex            4%         N/A       75%         4

Inventory:

Hand Weapons
 Y - a +1 sling (weapon)
Armour
 b - a +0 helmet (worn)
 d - a +2 leather armour of cold resistance (worn)
 f - a +0 pair of boots (worn)
 g - a +0 pair of gloves
 j - a +2 hat
Scrolls
 c - 3 scrolls of identify
 h - a scroll of butterflies {unknown}
Potions
 e - a potion of attraction {unknown}
 i - a potion of berserk rage {unknown}

Dungeon Overview and Level Annotations

Branches:
Dungeon (4/15)
 Temple: D:4-7

Altars:

Annotations:
D:2 1 runed translucent door, Crazy Yiuf


Message History

You shoot a sling bullet. The sling bullet hits the orc wizard.
The orc wizard is heavily wounded.
The orc wizard hits you but does no damage.
The orc priest hits you but does no damage.
You shoot a sling bullet.
The sling bullet hits the orc wizard but does no damage.
The orc wizard is heavily wounded.
The orc priest hits you but does no damage.
The orc wizard casts a spell at you. You resist with some effort.
You shoot a sling bullet.
The sling bullet hits the orc wizard but does no damage.
The orc wizard is heavily wounded.
The orc priest hits you from afar with a +0 trident.
The orc wizard barely misses you.
You shoot a sling bullet. The sling bullet hits the orc wizard.
The orc wizard is severely wounded.
The orc wizard gestures at you while chanting.
The puff of flame hits you but does no damage.
The orc priest barely misses you.
You shoot a sling bullet. The sling bullet hits the orc wizard.
The orc wizard is almost dead.
The orc wizard hits you but does no damage.
The orc priest hits you but does no damage.
The orc priest closely misses you. The orc wizard casts a spell at you.
The magic dart hits you.
You shoot a sling bullet. The sling bullet hits the orc wizard.
You kill the orc wizard!
The orc priest closely misses you.
You shoot a sling bullet. The sling bullet hits the ogre.
The ogre is lightly wounded.
The ogre misses you.
The orc priest hits you from afar with a +0 trident.
You shoot a sling bullet.
The sling bullet hits the ogre but does no damage.
The ogre is lightly wounded.
The orc priest invokes the aid of Beogh against you.
Beogh smites you!
You die...

#........) ...
####.####) .. #.#
#. .. #.# #. .##
#.# #. ..##
#)##### #)o
#..)... #O#
####### #@# #.#
#.# #.# #.#
#.################
#.................
##################


You could see an ogre and an orc priest.

Vanquished Creatures
  A scorpion (D:4)
  A howler monkey (D:4)
  A hound (D:4)
  An orc priest (D:4)
  Jessica (D:1)
  An orc wizard (D:4)
  Robin (D:3)
  3 dart slugs
  7 orcs
  7 ball pythons
  4 endoplasms
  6 giant cockroaches
  14 goblins
  6 hobgoblins
  11 jackals
  2 quokkas
  7 bats
  3 frilled lizards (D:1)
  12 kobolds
  7 rats
  A spectral hobgoblin (D:1)
97 creatures vanquished.

Notes
Turn   | Place    | Note
-------+----------+-------------------------------------------
     0 | D:1      | qw the Gargoyle Hexslinger began the quest for the Orb.
     0 | D:1      | Reached XP level 1. HP: 12/12 MP: 2/2
     0 | D:1      | 0 ||| qw: Version: 0.3-a-40-ge99b1a8
     0 | D:1      | 0 ||| qw: Game counter: 570
     0 | D:1      | 0 ||| qw: Melee chars always use a shield: true
     0 | D:1      | 0 ||| qw: God list: Okawaru
     0 | D:1      | 0 ||| qw: Allow faded altars: false
     0 | D:1      | 0 ||| qw: Do Orc after clearing Dungeon:15 true
     0 | D:1      | 0 ||| qw: Do second Lair branch before Depths: true
     0 | D:1      | 0 ||| qw: Lair rune preference: random
     0 | D:1      | 0 ||| qw: Goals: Normal
     0 | D:1      | 0 ||| PLANNING D:1-11
    44 | D:1      | Reached XP level 2. HP: 16/16 MP: 3/3
    60 | D:1      | Reached skill level 3 in Ranged Weapons
   161 | D:1      | Found a faded altar of an unknown god.
   396 | D:1      | Reached XP level 3. HP: 21/21 MP: 4/4
   663 | D:1      | 663 ||| UPGRADING to +2 leather armour of cold resistance.
   673 | D:1      | 673 ||| DROPPING +0 robe.
   674 | D:1      | 674 ||| READING scroll labelled RAIRPH PUEM.
   675 | D:1      | 675 ||| READING scroll labelled RIOMME ZULAONI.
   676 | D:1      | 676 ||| DROPPING scroll of poison.
   719 | D:2      | Noticed Jessica
   724 | D:2      | 724 ||| STAIRDANCE
   751 | D:2      | 751 ||| STAIRDANCE
   753 | D:1      | Killed Jessica
   754 | D:1      | Reached XP level 4. HP: 23/26 MP: 5/5
   895 | D:2      | Reached skill level 4 in Ranged Weapons
  1289 | D:2      | Found a runed translucent door.
  1290 | D:2      | Noticed Crazy Yiuf
  1415 | D:2      | 1415 ||| UPGRADING to +0 pair of boots.
  1420 | D:2      | 1420 ||| READING scroll labelled OMMAR HATUXEG.
  1421 | D:2      | 1421 ||| DRINKING 2 grey potions.
  1422 | D:2      | 1422 ||| READING 2 scrolls of identify.
  1422 | D:2      | 1422 ||| IDENTIFYING golden potion
  1423 | D:2      | 1423 ||| DROPPING potion of magic.
  1474 | D:3      | Noticed Robin
  1478 | D:3      | 1478 ||| Stepping ~*~*~tactically~*~*~ (outnumbered).
  1500 | D:3      | Killed Robin
  1788 | D:3      | Reached XP level 5. HP: 30/30 MP: 6/6
  2124 | D:3      | 2124 ||| UPGRADING to +0 helmet.
  2339 | D:4      | Reached skill level 5 in Ranged Weapons
  2427 | D:4      | Reached skill level 3 in Fighting
  2427 | D:4      | Reached XP level 6. HP: 25/37 MP: 7/7
  2814 | D:4      | HP: 6/37 [orc priest/+0 hand axe (4)]
  2815 | D:4      | 2815 ||| DRINKING potion of heal wounds.
  2817 | D:4      | Reached skill level 1 in Armour
  2920 | D:4      | Killed from afar by an orc priest

Levels and vault maps discovered:
D:1:      lemuel_arrival_river_ford, layout_loops_ring,
          dreamdust_ecumenical_altar_drowned_temple, minmay_vboxes
D:2:      layout_loops_cross, kennysheep_potato, uniq_crazy_yiuf_cottage,
          uniq_jessica
D:3:      layout_loops_ring, uniq_robin
D:4:      layout_basic

Skill      XL: |  1  2  3  4  5  6 |
---------------+-------------------+-----
Ranged Weapons | 3 4 5 |  5.6
Fighting       | 2 3 |  3.4
Armour         | 1 |  1.4
Dodging        | |  1.5
Spellcasting   | |  1.0
Hexes          | |  2.6

Action                     |  1- 3 |  4- 6 || total
---------------------------+-------+-------++-------
   Fire: Sling             |    88 |   241 ||   329
    Use: Scroll            |     2 |     2 ||     4
         Potion            |       |     2 ||     2
 Armour: Robe              |    10 |       ||    10
         Leather armour    |     3 |    83 ||    86
  Dodge: Dodged            |    29 |    91 ||   120

Table legend:
 A = Non-vault XP
 B = Vault XP
 C = Vault XP percentage of total XP
 D = Non-vault monster count
 E = Vault monster count
 F = Vault count percentage of total count
                 A         B        C        D         E       F
            +---------+---------+-------+---------+---------+-------
      Total |     380 |      89 |  19.0 |      73 |      24 |  24.7
            +---------+---------+-------+---------+---------+-------
        D:1 |      30 |      52 |  63.4 |      21 |      10 |  32.3
        D:2 |      29 |       2 |   6.5 |      17 |       1 |   5.6
        D:3 |      26 |      35 |  57.4 |      13 |      13 |  50.0
        D:4 |     295 |       0 |   0.0 |      22 |       0 |   0.0
            +---------+---------+-------+---------+---------+-------
